[Event "*** Titled Tuesday 3|2 Blitz"]
[Site "Chess.com"]
[Date "2015.09.01"]
[Round "4"]
[White "oggy1984"]
[Black "Janosik"]
[Result "1-0"]
[WhiteElo "2417"]
[BlackElo "2485"]
[TimeControl "180+2"]
[EndTime "11:43:16 PDT"]
[Termination "oggy1984 won by resignation"]

1. d4 Nf6 2. c4 e6 3. Nc3 Bb4 4.
Qc2 d6 5. e4 Bxc3+ 6. bxc3 O-O 7. e5 dxe5 8. dxe5 Nfd7 9. Nf3 Nc6 10. Ba3 Re8 11. Rd1 f5 12. exf6 Qxf6 13. Bd3 g6 14. O-O Nde5 15. Nxe5 Nxe5 16. Be4 Nxc4 17. Qa4 Bd7 18.
Qxc4 Rad8 19. Qxc7 1-0

[Event "*** Titled Tuesday 3|2 Blitz"]
[Site "Chess.com"]
[Date "2015.09.01"]
[Round "4"]
[White "Storne89"]
[Black "Tobi-Wan-Kenobi"]
[Result "1-0"]
[WhiteElo "2478"]
[BlackElo "2391"]
[TimeControl "180+2"]
[EndTime "11:44:01 PDT"]
[Termination "Storne89 won by resignation"]

1. e4 c5 2. Nf3 Nc6 3. d4 cxd4 4. Nxd4 Nf6 5. Nc3 d6 6. Bg5 e6 7. Qd2 a6 8. O-O-O Bd7 9. f3 Be7 10. h4 Nxd4 11. Qxd4 h6 12. Be3 h5 13. Kb1 Qc7 14.
Qd2 b5 15. Bg5 b4 16. Ne2 a5 17. Nd4 Rb8 18. Bd3 a4 19. Rhe1 a3 20. b3 g6 21. f4 e5 22. fxe5 dxe5 23. Rf1 Ng4 24. Bxe7 Kxe7 25. Bc4 f6 26. Nf3 Rbd8 27. Qxb4+ 1-0

[Event "*** Titled Tuesday 3|2 Blitz"]
[Site "Chess.com"]
[Date "2015.09.01"]
[Round "4"]
[White "motivated_bishop"]
[Black "Hafez_Bakr"]
[Result "1-0"]
[WhiteElo "2042"]
[BlackElo "1715"]
[TimeControl "180+2"]
[EndTime "11:44:17 PDT"]
[Termination "motivated_bishop won by resignation"]

1. d4 d5 2. c4 c6 3. cxd5 cxd5 4. Bf4 Nf6 5. Nc3 e6 6. e3 Nc6 7. Bd3 Bb4 8. Nf3 O-O 9. O-O h6 10. h3 Bd7 11. Qe2 Bxc3 12. bxc3 Rc8 13. c4 dxc4 14. Bxc4 Ne4 15. Rfc1 Na5 16. Bd3 Bc6 17. Ne5 Bd5 18.
Bxh6 gxh6 19. Bxe4 Bxe4 20. Qg4+ Bg6 21. Nxg6 Rxc1+ 22. Rxc1 fxg6 23. Qxg6+ Kh8 24. Qxh6+ Kg8 25. Qg6+ Kh8 26. Qh6+ Kg8 27. Qxe6+ Rf7 28. Rc8 Qxc8 29. Qxc8+ Kg7 30. Qg4+ Kf8 31. d5 b6 32. Qc8+ Kg7 33. d6 Nb7 34. d7 Nd6 35. Qc3+ 1-0

[Event "*** Titled Tuesday 3|2 Blitz"]
[Site "Chess.com"]
[Date "2015.09.01"]
[Round "4"]
[White "pKiLz5Rn9b"]
[Black "Boryboy"]
[Result "0-1"]
[WhiteElo "2419"]
[BlackElo "2488"]
[TimeControl "180+2"]
[EndTime "11:45:14 PDT"]
[Termination "Boryboy won by resignation"]

1. e4 e6 2. d4 d5 3. Nd2 h6 4.
Ngf3 Nf6 5. Bd3 c5 6. exd5 exd5 7. dxc5 Bxc5 8. O-O O-O 9. Nb3 Bd6 10. Nbd4 Nc6 11. c3 Re8 12. h3 a6 13. b3 Bc7 14.
Bb2 Qd6 15. c4 Ne4 16. Nxc6 bxc6 17. Qc2 Ng5 18. Ne5 Rxe5 19. Bxe5 Qxe5 20. f4 Qe3+ 21. Kh1 Ne4 22. Bxe4 Qxe4 23. Qxe4 dxe4 24. Rae1 f5 25. g4 Be6 26. Kg2 Kf7 27. Kg3 g5 28.
gxf5 Bxf5 0-1

[Event "*** Titled Tuesday 3|2 Blitz"]
[Site "Chess.com"]
[Date "2015.09.01"]
[Round "4"]
[White "WarlordX"]
[Black "jup1978"]
[Result "1-0"]
[WhiteElo "2215"]
[BlackElo "2152"]
[TimeControl "180+2"]
[EndTime "11:45:31 PDT"]
[Termination "WarlordX won by resignation"]

1. d4 d5 2. c4 c6 3. Nc3 Nf6 4. cxd5 cxd5 5. Bf4 Nc6 6. e3 a6 7. Bd3 e6 8. Nf3 b5 9. a3 Be7 10.
O-O O-O 11. Rc1 Bb7 12. b4 Rc8 13. Nb1 Nh5 14. Bg3 Nxg3 15. hxg3 Bf6 16. Nbd2 e5 17. dxe5 Nxe5 18. Nxe5 Bxe5 19. Bxh7+ Kxh7 20. Qh5+ Kg8 21. Qxe5 Re8 22. Qd4 Qd6 23. Qd3 Rcd8 24. Nb3 d4 25. Nxd4 Qd5 26. f3 Qe5 27. Kf2 Bd5 28. Rc5 Qd6 29. Rh1 g6 30. Qc3 Bc4 31. Rh8+ Kxh8 32. Ne6+ 1-0

[Event "*** Titled Tuesday 3|2 Blitz"]
[Site "Chess.com"]
[Date "2015.09.01"]
[Round "4"]
[White "kikydu96"]
[Black "Mugzyyy"]
[Result "0-1"]
[WhiteElo "2173"]
[BlackElo "2569"]
[TimeControl "180+2"]
[EndTime "11:45:52 PDT"]
[Termination "Mugzyyy won by resignation"]

1. e4 h5 2. d4 h4 3. h3 c5 4. Nf3 cxd4 5. Nxd4 Nc6 6. Be3 Nf6 7.
Nc3 e6 8. Be2 Bb4 9. Bf3 Ne5 10.
O-O a6 11. Bg5 Qc7 12. Nb3 b6 13. Bd2 Be7 14. Be2 Bb7 15. f4 Nc4 16. Bf3 Nxb2 17. Qe2 Rc8 18. Rab1 Nc4 19. Be1 Qxf4 20. e5 Bxf3 21.
Rxf3 Qxe5 22. Qxe5 Nxe5 23. Re3 Nc4 24. Rd3 d5 25.
Bf2 b5 26. a4 b4 27. Ne2 Ne4 28. Bd4 Na3 29. Rb2 Rxc2 30. Rxc2 Nxc2 31. Bxg7 Rg8 32. Be5 Ne1 33. Re3 Nxg2 0-1

[Event "*** Titled Tuesday 3|2 Blitz"]
[Site "Chess.com"]
[Date "2015.09.01"]
[Round "4"]
[White "Moltini"]
[Black "PauloCesarCosta"]
[Result "1-0"]
[WhiteElo "2154"]
[BlackElo "2013"]
[TimeControl "180+2"]
[EndTime "11:46:00 PDT"]
[Termination "Moltini won on time"]

1. d4 d5 2. c4 c6 3. Nc3 e6 4. Nf3 dxc4 5. a4 Bb4 6. e3 b5 7. Ne5 Nf6 8. Qf3 Qd5 9. Be2 Nbd7 10. Nxc6 Bxc3+ 11. bxc3 Bb7 12. Qxd5 Nxd5 13. axb5 Nxc3 14. Bxc4 Nb6 15. Bd3 Bxc6 16. bxc6 O-O 17. Bd2 Ncd5 18. O-O Rfc8 19. Rfc1 Ne7 20. Be4 f5 21. Bf3 Rc7 22. Bb4 Ned5 23. Bd6 Rcc8 24. c7 a5 25. Rab1 Ra7 26.
Bxd5 Nxd5 27. Rb8 1-0

[Event "*** Titled Tuesday 3|2 Blitz"]
[Site "Chess.com"]
[Date "2015.09.01"]
[Round "4"]
[White "MattyDPerrine"]
[Black "FairChess_on_YouTube"]
[Result "0-1"]
[WhiteElo "2253"]
[BlackElo "2721"]
[TimeControl "180+2"]
[EndTime "11:46:10 PDT"]
[Termination "FairChess_on_YouTube won by resignation"]

1. d4 Nf6 2. c4 e6 3. Nc3 Bb4 4.
Qc2 c5 5. dxc5 Na6 6. Nf3 Nxc5 7. g3 b6 8. Bg2 Bb7 9. O-O O-O 10. a3 Bxc3 11.
Qxc3 Rc8 12. Rd1 Qe7 13. Bf4 d5 14. Qb4 Rfd8 15. Ne5 d4 16. Bxb7 Qxb7 17. Nf3 d3 18. Qe1 Nb3 19. Rab1 Rxc4 20. Bg5 Rc2 21. Ne5 d2 22.
Qf1 Qe4 23. Nd3 Nd4 24. Be3 Nxe2+ 25. Qxe2 Rxd3 26. b4 h6 0-1

[Event "*** Titled Tuesday 3|2 Blitz"]
[Site "Chess.com"]
[Date "2015.09.01"]
[Round "4"]
[White "Thomaslegend"]
[Black "Dale"]
[Result "1-0"]
[WhiteElo "2140"]
[BlackElo "1938"]
[TimeControl "180+2"]
[EndTime "11:46:14 PDT"]
[Termination "Thomaslegend won by checkmate"]

1. d4 Nf6 2. c4 g6 3. Nc3 d5 4.
Nf3 Bg7 5. h4 Nc6 6. cxd5 Nxd5 7. e4 Nxc3 8. bxc3 Bg4 9. Be2 O-O 10. Nh2 Bxe2 11. Qxe2 e5 12. d5 Na5 13. h5 c6 14. hxg6 fxg6 15. c4 cxd5 16. cxd5 Rc8 17. Ng4 h5 18. Ne3 Qb6 19. Bd2 Qb2 20. O-O b6 21.
Rfb1 Qd4 22. Bxa5 bxa5 23. Rd1 Qxe4 24. Qa6 Rxf2 25. Kxf2 Bh6 26. Qe6+ Kh7 27. Qd7+ Bg7 28. Qxc8 Qc2+ 29. Qxc2 a4 30. d6 h4 31. d7 Bf6 32.
d8=Q Bxd8 33. Rxd8 h3 34. Ng4 h2 35. Qc7# 1-0

[Event "*** Titled Tuesday 3|2 Blitz"]
[Site "Chess.com"]
[Date "2015.09.01"]
[Round "4"]
[White "MFBerna"]
[Black "1stSecond"]
[Result "0-1"]
[WhiteElo "2126"]
[BlackElo "2360"]
[TimeControl "180+2"]
[EndTime "11:46:22 PDT"]
[Termination "1stSecond won by resignation"]

1. e4 e5 2. Nf3 Nc6 3. Bb5 a6 4.
Ba4 Nge7 5. O-O g6 6. c3 Bg7 7. d4 exd4 8. cxd4 b5 9. Bc2 d5 10. e5 O-O 11. Bg5 f6 12. exf6 Bxf6 13. Bxf6 Rxf6 14.
h3 Qf8 15. Nc3 Rxf3 16. Qxf3 Qxf3 17. gxf3 Nxd4 18. Bd1 Bxh3 19. Re1 Kf7 20. Kh2 Bf5 21. Rc1 c5 22. Kg2 Rd8 23. Ne2 Ne6 24. Ng3 c4 25.
Nxf5 Nxf5 26. Bc2 Nfd4 27. Kg3 Kf6 28. Bb1 h5 29. Rcd1 g5 30. Rh1 Ne2+ 31. Kh2 d4 32.
Be4 N6f4 33. Rhe1 d3 34. Rd2 g4 35. fxg4 hxg4 36. Rdxe2 dxe2 37. Kg3 Ke5 38. Bb7 Rd1 39.
Rxe2+ Nxe2+ 40. Kxg4 0-1

[Event "*** Titled Tuesday 3|2 Blitz"]
[Site "Chess.com"]
[Date "2015.09.01"]
[Round "4"]
[White "Mazetovic"]
[Black "Tesla37"]
[Result "1-0"]
[WhiteElo "2408"]
[BlackElo "2548"]
[TimeControl "180+2"]
[EndTime "11:46:28 PDT"]
[Termination "Mazetovic won by resignation"]

1. e4 c5 2. Nf3 e6 3. c4 Nc6 4.
Nc3 Nf6 5. Be2 Qb6 6. O-O Be7 7.
a3 O-O 8. b4 cxb4 9. axb4 Bxb4 10. e5 Ng4 11. Na4 Qc7 12. d4 f6 13. h3 Nh6 14. Bxh6 gxh6 15. exf6 Rxf6 16. d5 Ne5 17. c5 Bxc5 18. Nxe5 Qxe5 19. Nxc5 exd5 20. Bf3 d4 21.
Nd3 Qg5 22. Re1 d6 23. Re8+ Kg7 24. Rc1 Bg4 25. Rc7+ Kg6 26. Be4+ Bf5 27. Bxf5+ 1-0

[Event "*** Titled Tuesday 3|2 Blitz"]
[Site "Chess.com"]
[Date "2015.09.01"]
[Round "4"]
[White "Aygehovit1992"]
[Black "VSERGUEI"]
[Result "0-1"]
[WhiteElo "2338"]
[BlackElo "2538"]
[TimeControl "180+2"]
[EndTime "11:47:03 PDT"]
[Termination "VSERGUEI won by resignation"]

1. e4 e6 2. d4 d5 3. exd5 exd5 4. c4 Nf6 5. Nc3 Bb4 6. Nf3 O-O 7. Be2 dxc4 8. O-O Be6 9. Ne5 Nc6 10. Nxc6 bxc6 11. Qa4 a5 12. Qxc6 Qxd4 13. Be3 Qd6 14. Qf3 Bxc3 15. bxc3 Bg4 16. Qxg4 Nxg4 17. Bxg4 c5 18. Rfd1 Qe5 19. Rac1 Rad8 20. Rxd8 Rxd8 21. Be2 Qe4 22.
g3 h6 23. Bf1 a4 24. Bxc5 Rd2 25. a3 Rb2 26. Rd1 Qe5 27. Bd4 Qb5 28. Re1 Ra2 29.
Re5 Qb1 30. Kg2 Rxa3 31. Bxc4 Qb7+ 32. Bd5 Qd7 33. c4 Rd3 34. Bc5 a3 35. Re8+ 0-1

[Event "*** Titled Tuesday 3|2 Blitz"]
[Site "Chess.com"]
[Date "2015.09.01"]
[Round "4"]
[White "Krutoy123"]
[Black "Fawolizzo"]
[Result "1-0"]
[WhiteElo "2197"]
[BlackElo "1973"]
[TimeControl "180+2"]
[EndTime "11:47:04 PDT"]
[Termination "Krutoy123 won by resignation"]

1. e4 c5 2. Nf3 d6 3. d4 cxd4 4.
Nxd4 Nf6 5. f3 h5 6. c4 e6 7.
Nc3 Be7 8. Be3 a6 9. Be2 Bd7 10. O-O Nc6 11. Rc1 Rc8 12. Qd2 O-O 13. Rfd1 Ne5 14.
b3 Qc7 15. h3 b6 16. Kh1 h4 17. f4 Nc6 18. Bf3 Rfd8 19. Nd5 exd5 20. cxd5 Qb7 21. dxc6 Bxc6 22. Nxc6 Rxc6 23. Rxc6 Qxc6 24. e5 Ne4 25. Qc1 Ng3+ 26. Kg1 Qxc1 27. Rxc1 dxe5 28. fxe5 Rd3 29. Bxb6 g6 30. Rd1 Rc3 31. Bd4 Rc2 32.
a4 Nf5 33. Bf2 Bc5 34. Bxc5 Rxc5 35. b4 Rxe5 36. Kf2 Ng3 37. Rb1 Re6 38. b5 axb5 39.
axb5 Rb6 40. Ke3 Kf8 41. Kd4 Ke7 42. Kc5 Rb8 43. b6 Kd7 44. Rd1+ Kc8 45. Bg4+ f5 46. Bf3 g5 47. Kc6 Rb7 48. Re1 Rd7 49. b7+ 1-0

[Event "*** Titled Tuesday 3|2 Blitz"]
[Site "Chess.com"]
[Date "2015.09.01"]
[Round "4"]
[White "enen0315"]
[Black "Badouuu"]
[Result "1-0"]
[WhiteElo "1925"]
[BlackElo "1846"]
[TimeControl "180+2"]
[EndTime "11:47:11 PDT"]
[Termination "enen0315 won on time"]

1. d4 Nf6 2. c4 e6 3. Nc3 c5 4. d5 exd5 5. cxd5 d6 6. e4 g6 7.
Bd3 Bg7 8. h3 O-O 9. Nf3 a6 10. a4 Re8 11. O-O Qc7 12. Bf4 Nbd7 13. Re1 c4 14. Bc2 Nc5 15. e5 dxe5 16. Bxe5 Qd8 17. Qd4 Nb3 18. Bxb3 cxb3 19. Qc4 Bf5 20. Qxb3 Qd7 21. a5 Rad8 22. Rad1 Rc8 23. Qb6 Bc2 24. Rd2 1-0

[Event "*** Titled Tuesday 3|2 Blitz"]
[Site "Chess.com"]
[Date "2015.09.01"]
[Round "4"]
[White "Keaton87"]
[Black "ChadaevNikolay"]
[Result "0-1"]
[WhiteElo "2412"]
[BlackElo "2593"]
[TimeControl "180+2"]
[EndTime "11:47:24 PDT"]
[Termination "ChadaevNikolay won by resignation"]

1. d4 Nf6 2. Nf3 g6 3. Bg5 Bg7 4. Nbd2 d5 5. e3 O-O 6. c3 Nbd7 7. Be2 Re8 8. O-O e5 9. b4 c6 10. a4 h6 11. Bh4 Qe7 12. b5 c5 13. dxe5 Nxe5 14.
Bg3 Nxf3+ 15. Bxf3 Bf5 16. Nb3 Rad8 17. Rc1 Ne4 18.
Bxe4 dxe4 19. Qc2 Rd3 20. Qb2 Red8 21. Na5 R8d7 22. Bb8 Qd8 23. Nc6 bxc6 24. bxc6 Re7 25. Bg3 Be5 26. Bxe5 Rxe5 27. Qb7 Re7 28. Qb5 Qd6 29. Rb1 Rc7 30. Qb8+ Kg7 31. Qe8 Qxc6 32. Qe5+ f6 33. Qf4 Qd6 34. Qh4 g5 35. Qh5 Bg6 36. Qg4 h5 37. Qe2 Rxc3 38. Rb8 Rd3 39. Qb2 c4 0-1

[Event "*** Titled Tuesday 3|2 Blitz"]
[Site "Chess.com"]
[Date "2015.09.01"]
[Round "4"]
[White "HansCoolNiemann"]
[Black "wonderfultime"]
[Result "0-1"]
[WhiteElo "2037"]
[BlackElo "2640"]
[TimeControl "180+2"]
[EndTime "11:47:26 PDT"]
[Termination "wonderfultime won by checkmate"]

1. d4 d5 2. c4 c6 3. Nf3 Nf6 4.
Nc3 dxc4 5. e4 b5 6. e5 Nd5 7. a4 e6 8. axb5 Nxc3 9. bxc3 cxb5 10. Bg5 Be7 11. Bxe7 Qxe7 12. Nd2 Bb7 13. Qg4 O-O 14.
Be2 Nd7 15. Bf3 Bxf3 16. gxf3 f5 17. exf6 Nxf6 18. Qg5 Nd5 19. Qxe7 Nxe7 20. Ke2 Nd5 21. Ne4 a5 22. Nc5 Nxc3+ 23. Ke3 Nd5+ 24. Ke2 b4 25. Rhc1 c3 26. Ra4 Rfb8 27. Nb3 Rb5 28. Rca1 Rf8 29. Rxa5 Rb7 30. Ra7 Rxa7 31. Rxa7 Rc8 32. Kd1 Rf8 33. Ke2 Rf4 34. Rc7 Rh4 35. Nc5 Rxd4 36. Nxe6 Nf4+ 37. Nxf4 Rxf4 38. Ke3 Rh4 39. Kd3 Rxh2 40.
Ke3 Rh1 41. Kd3 Rd1+ 42. Kc2 Rd2+ 43. Kb3 Rb2+ 44. Ka4 c2 45. f4 b3 46. f5 Rb1 47.
f6 gxf6 48. Rc8+ Kg7 49. Rc7+ Kg6 50. Ka5 Ra1+ 51. Kb4 b2 52. Kc5 b1=Q 53. Kd6 Qb6+ 54. Kd7 Ra7 55. Rxa7 Qxa7+ 56. Ke8 c1=Q 57. Kd8 Qcc7+ 58.
Ke8 Qc8# 0-1

[Event "*** Titled Tuesday 3|2 Blitz"]
[Site "Chess.com"]
[Date "2015.09.01"]
[Round "4"]
[White "Imre91"]
[Black "zmaj23"]
[Result "0-1"]
[WhiteElo "2580"]
[BlackElo "2395"]
[TimeControl "180+2"]
[EndTime "11:47:33 PDT"]
[Termination "zmaj23 won on time"]

1. d4 Nf6 2. Bg5 e6 3. e4 h6 4.
Bxf6 Qxf6 5. Nc3 d6 6. Qd2 Bd7 7. O-O-O g6 8. f4 Bg7 9. Nf3 Nc6 10. e5 dxe5 11. dxe5 Qe7 12. h4 O-O-O 13. Qf2 Kb8 14.
Bd3 Rhg8 15. a3 f6 16. exf6 Bxf6 17. Ne4 Bh8 18. Qc5 Qg7 19. c3 Rgf8 20. g3 e5 21. Nxe5 Nxe5 22. fxe5 Qxe5 23. Bc2 Bc6 24. Rhe1 Rxd1+ 25.
Rxd1 Re8 26. Qc4 g5 27. hxg5 hxg5 28. Nc5 Qxg3 29. Kb1 Qf3 30. Qb4 g4 31. Rd3 Qh1+ 32. Ka2 Qg2 33. Ba4 b6 34. Nb3 Bxa4 35. Qxa4 Rf8 36. Qb4 Qf1 37. Rd7 g3 38. Nd2 g2 39.
Nxf1 gxf1=Q 40. Qe7 Qc4+ 0-1

[Event "*** Titled Tuesday 3|2 Blitz"]
[Site "Chess.com"]
[Date "2015.09.01"]
[Round "4"]
[White "ArnaudovP"]
[Black "Penguininja"]
[Result "0-1"]
[WhiteElo "2335"]
[BlackElo "2146"]
[TimeControl "180+2"]
[EndTime "11:47:33 PDT"]
[Termination "Penguininja won by resignation"]

1. e4 e5 2. Nf3 Nc6 3. Bb5 f5 4. Nc3 fxe4 5. Nxe4 Nf6 6. Nxf6+ Qxf6 7. Qe2 Be7 8. d3 Nd4 9. Nxd4 exd4 10. O-O c6 11.
Ba4 O-O 12. Bd2 d5 13. Rae1 Bd6 14. c3 Bf5 15. Bc2 Qh4 16. g3 Qh3 17. f3 Bc5 18. Kh1 Bd7 19. Qg2 Qh5 20. g4 Qf7 21. f4 Rae8 22. f5 dxc3 23. Bxc3 Bd6 24. d4 Kh8 25. Re5 c5 26. Rxe8 Rxe8 27. g5 Bb5 28. Rg1 Re2 29. Qh3 Rxh2+ 30. Qxh2 Bxh2 31. g6 hxg6 32. Kxh2 Qc7+ 33.
Rg3 cxd4 0-1

[Event "*** Titled Tuesday 3|2 Blitz"]
[Site "Chess.com"]
[Date "2015.09.01"]
[Round "4"]
[White "Lapitch"]
[Black "manubibi"]
[Result "0-1"]
[WhiteElo "2439"]
[BlackElo "2429"]
[TimeControl "180+2"]
[EndTime "11:47:36 PDT"]
[Termination "manubibi won by resignation"]

1. Nf3 Nf6 2. c4 g6 3. Nc3 Bg7 4. d4 O-O 5. e4 d6 6. h3 e5 7. d5 a5 8. Be3 Na6 9. g4 Nc5 10. Nd2 Kh8 11. Qf3 Ng8 12. Rg1 Bh6 13. O-O-O Bxe3 14.
Qxe3 f5 15. g5 Bd7 16. h4 Ne7 17. f3 fxe4 18. fxe4 Rf4 19. h5 gxh5 20. Be2 h4 21. Bh5 Ng6 22. Ne2 Rf7 23. Rh1 h3 24. Bxg6 hxg6 25.
Ng1 Kg8 26. Nxh3 Qe7 27. Rh2 Rh7 28. Rdh1 Rf8 29. Nf2 Rxh2 30. Rxh2 Rf7 31. a3 a4 32. Qg3 Rh7 33. Rxh7 Qxh7 34. Kc2 Qh5 35. Qe3 Qh4 36.
Kc3 Kg7 37. Kb4 Qxf2 0-1

[Event "*** Titled Tuesday 3|2 Blitz"]
[Site "Chess.com"]
[Date "2015.09.01"]
[Round "4"]
[White "drifblim"]
[Black "Tesla17"]
[Result "1-0"]
[WhiteElo "2167"]
[BlackElo "2112"]
[TimeControl "180+2"]
[EndTime "11:47:40 PDT"]
[Termination "drifblim won by resignation"]

1. e4 c5 2. Nf3 Nc6 3. d4 cxd4 4. Nxd4 g6 5. c4 Bg7 6. Nc2 Nf6 7. Nc3 O-O 8. Be2 b6 9. O-O Bb7 10. Rb1 Qb8 11. Bd2 d6 12. f3 Rd8 13. Nd5 Rd7 14. Qc1 Qf8 15. b4 Rad8 16. b5 Nb8 17. a4 e6 18. Nxf6+ Bxf6 19. Be3 Rc7 20. Rd1 Nd7 21.
a5 Rdc8 22. a6 Ba8 23. Bd4 Bxd4+ 24. Rxd4 d5 25. exd5 exd5 26. Ne3 Ne5 27. Nxd5 Bxd5 28. Rxd5 Nxc4 29. Bxc4 Rxc4 30. Qd2 Rc2 31. Qd4 Qe8 32.
Rd1 h5 33. Rd8 Rxd8 34. Qxd8 Kf8 35. Qd6+ Kg7 36. Qd4+ Kh7 37. Qf6 Rc8 38. h3 Kg8 39. Rd5 Rc1+ 40. Kh2 Qb8+ 41. f4 Rc8 42. Rd7 Rf8 43.
Rb7 Qe8 44. Rxa7 Qxb5 45. Kg3 Qb3+ 46. Kh4 Qa4 47. Kg5 Kh7 48. Rxf7+ Rxf7 49. Qxf7+ Kh8 50.
Kh6 1-0

[Event "*** Titled Tuesday 3|2 Blitz"]
[Site "Chess.com"]
[Date "2015.09.01"]
[Round "4"]
[White "Schemato"]
[Black "AnastasiaProtopopova"]
[Result "1-0"]
[WhiteElo "2150"]
[BlackElo "1769"]
[TimeControl "180+2"]
[EndTime "11:47:41 PDT"]
[Termination "Schemato won by resignation"]

1. c4 e5 2. g3 Nf6 3. Bg2 d5 4. cxd5 Nxd5 5. Nf3 Nc6 6. O-O Be7 7. d4 e4 8. Ne5 Nxe5 9. dxe5 Bf5 10. Bxe4 Bxe4 11.
Qa4+ c6 12. Qxe4 O-O 13. a3 a5 14. b3 Qb6 15. Qc2 Bc5 16. Bb2 Rfe8 17. Nd2 Bd4 18.
Nc4 Qc5 19. Bxd4 Qxd4 20. Rfd1 Qg4 21. e4 Ne7 22. Nd6 Rf8 23. Nf5 Ng6 24. Ne3 Qg5 25. Rd7 Qxe5 26. Rad1 Rab8 27. f4 Qh5 28. e5 Qf3 29.
Qf2 Qe4 30. R7d4 1-0

[Event "*** Titled Tuesday 3|2 Blitz"]
[Site "Chess.com"]
[Date "2015.09.01"]
[Round "4"]
[White "xdb"]
[Black "Tomsel"]
[Result "0-1"]
[WhiteElo "2118"]
[BlackElo "2296"]
[TimeControl "180+2"]
[EndTime "11:47:52 PDT"]
[Termination "Tomsel won by resignation"]

1. d4 Nf6 2. Bf4 g6 3. e3 Bg7 4.
Nf3 O-O 5. Be2 d5 6. O-O c5 7. c3 Nc6 8. Nbd2 Nd7 9. Re1 e5 10. dxe5 Ncxe5 11. e4 Nxf3+ 12. Bxf3 Nb6 13. Nb3 d4 14.
cxd4 c4 15. Na5 Qxd4 16. Rc1 Qxd1 17. Rexd1 Bxb2 18. Rc2 c3 19. Be5 Na4 20. Nc4 Be6 21. Nxb2 Nxb2 22. Bxc3 Nxd1 23. Bxd1 Rac8 24. f4 Rfd8 25.
Be2 Bxa2 26. Rxa2 Rxc3 27. Rxa7 Rd2 0-1

[Event "*** Titled Tuesday 3|2 Blitz"]
[Site "Chess.com"]
[Date "2015.09.01"]
[Round "4"]
[White "dretch"]
[Black "DanielNaroditsky"]
[Result "1/2-1/2"]
[WhiteElo "2629"]
[BlackElo "2521"]
[TimeControl "180+2"]
[EndTime "11:48:00 PDT"]
[Termination "Game drawn by agreement"]

1. d4 Nf6 2. c4 g6 3. Nc3 d5 4.
Bf4 Bg7 5. e3 O-O 6. Rc1 Be6 7.
c5 c6 8. Bd3 Bg4 9. Qb3 Bc8 10.
Nf3 Nbd7 11. O-O Nh5 12. Bg5 h6 13. Bh4 g5 14. Bg3 f5 15. Be5 Nxe5 16. Nxe5 e6 17. Qd1 Nf6 18. b4 a6 19. Na4 Nd7 20. f4 Nxe5 21.
fxe5 Bd7 22. Nb6 Rb8 23. g4 Qe7 24. Nxd7 Qxd7 25. Bc2 Rf7 26. Qd3 Rbf8 27. Rf2 h5 28. h3 Bh6 29. Rcf1 h4 30. Kg2 Kg7 31. a4 Qc8 32. a5 Qd7 33. gxf5 exf5 34. Rxf5 Rxf5 35. Rxf5 Rxf5 36. Qxf5 Qxf5 37. Bxf5 g4 38. Bc8 gxh3+ 39. Kxh3 Bxe3 40. Bxb7 Bxd4 41. Bxa6 Bc3 42. b5 cxb5 43. c6 Bxa5 44. Bxb5 Bc7 45. Kxh4 Bxe5 46. Kg5 Bc7 47. Kf5 1/2-1/2

[Event "*** Titled Tuesday 3|2 Blitz"]
[Site "Chess.com"]
[Date "2015.09.01"]
[Round "4"]
[White "Iball95"]
[Black "Yaacovn"]
[Result "1/2-1/2"]
[WhiteElo "2345"]
[BlackElo "2600"]
[TimeControl "180+2"]
[EndTime "11:48:03 PDT"]
[Termination "Game drawn by repetition"]

1. e4 c6 2. c4 d5 3. cxd5 Nf6 4. Nc3 cxd5 5. exd5 Nxd5 6. Nf3 e6 7. d4 Be7 8. Bd3 Nf6 9. O-O O-O 10. Bg5 Nc6 11. Rc1 b6 12. Bb1 Bb7 13. Re1 Qd6 14. Bxf6 Bxf6 15.
Ne4 Qd8 16. Nxf6+ Qxf6 17. Rxc6 Bxc6 18. Qc2 g6 19. Qxc6 Rac8 20. Qe4 Rc4 21. h4 Rfc8 22. g3 Rc1 23. Rxc1 Rxc1+ 24. Kg2 Kg7 25. Bc2 Qf5 26. Qxf5 gxf5 27. Bb3 Rb1 28. d5 Rxb2 29. dxe6 fxe6 30. Bxe6 Kf6 31. Bg8 b5 32. h5 h6 33. Nd4 a5 34.
Kf3 a4 35. Ke3 b4 36. Be6 b3 37. axb3 a3 38. b4 Rxb4 39. Bb3 Rb6 40. f4 Rb7 41. Kd3 Rg7 42. Ne2 Ra7 43. Nc3 Rb7 44. Kc2 Rg7 45.
Nd5+ Ke6 46. Ne3+ Kf6 47. Nd5+ Ke6 48. Ne3+ Kf6 49. Nd5+ Kf7 50. Ne3+ Kf6 51. Nd5+ Ke6 52. Ne3+ Kf6 53. Nd5+ 1/2-1/2

[Event "*** Titled Tuesday 3|2 Blitz"]
[Site "Chess.com"]
[Date "2015.09.01"]
[Round "4"]
[White "Tal-Baronfew"]
[Black "facu57"]
[Result "0-1"]
[WhiteElo "2727"]
[BlackElo "2463"]
[TimeControl "180+2"]
[EndTime "11:48:04 PDT"]
[Termination "facu57 won by resignation"]

1. d4 Nf6 2. c4 e6 3. Nc3 Bb4 4.
f3 d5 5. a3 Be7 6. e4 dxe4 7.
fxe4 e5 8. d5 O-O 9. Nf3 Bg4 10.
Bg5 Nbd7 11. h3 Bxf3 12. Qxf3 Nxd5 13. Bxe7 Nxe7 14. O-O-O Nc6 15. h4 Nd4 16. Qg3 c6 17. Ne2 Nc5 18. Qxe5 Ncb3+ 19. Kb1 Nf3 20. Rxd8 Nxe5 21.
Rxa8 Rxa8 22. Kc2 Nc5 23. Ng3 Ne6 24. Be2 Rd8 25. Kc3 c5 26. Rf1 b6 27. b4 g6 28.
h5 Kg7 29. Ra1 Nd4 30. bxc5 bxc5 31. Bd1 Rb8 32. Ne2 Nec6 33. Nxd4 Nxd4 34. Ba4 Rb6 35. hxg6 Rxg6 36. Rg1 Ne2+ 0-1

[Event "*** Titled Tuesday 3|2 Blitz"]
[Site "Chess.com"]
[Date "2015.09.01"]
[Round "4"]
[White "alturas_pacificas"]
[Black "lukas_111111"]
[Result "0-1"]
[WhiteElo "2009"]
[BlackElo "2214"]
[TimeControl "180+2"]
[EndTime "11:48:07 PDT"]
[Termination "lukas_111111 won by resignation"]

1. d4 Nf6 2. Bf4 d5 3. e3 c5 4. c3 Nc6 5. Nd2 e6 6. Ngf3 Bd6 7. Bg3 Qc7 8. dxc5 Bxg3 9. hxg3 a5 10. Bb5 h6 11. O-O O-O 12. a4 Nd7 13. Nb3 Na7 14. Qd4 Nc6 15. Qd2 Ne7 16. Bxd7 Bxd7 17. Rfc1 e5 18.
c4 dxc4 19. Rxc4 Be6 20. Rc3 Nd5 21. Rcc1 Rfd8 22. Qe2 Nb4 23. Nbd2 Rac8 24. Ra3 f6 25. Ne4 Qf7 26. Rd1 Qe7 27. Nd6 Rxc5 28. Ne4 Rcd5 29. Rxd5 Bxd5 30. Nc3 Bc6 31. Nb5 Qd7 32. Rc3 Qd1+ 33.
Kh2 Qxe2 0-1

[Event "*** Titled Tuesday 3|2 Blitz"]
[Site "Chess.com"]
[Date "2015.09.01"]
[Round "4"]
[White "AleksandrNevski"]
[Black "Bab3s"]
[Result "1-0"]
[WhiteElo "2307"]
[BlackElo "2132"]
[TimeControl "180+2"]
[EndTime "11:48:28 PDT"]
[Termination "AleksandrNevski won by resignation"]

1. c4 Nf6 2. g3 e5 3. Bg2 d5 4. cxd5 Nxd5 5. Nc3 Nb6 6. Nf3 Nc6 7. O-O Be7 8. a3 a5 9. d3 O-O 10. Be3 Re8 11. Rc1 Bf8 12. Bxb6 cxb6 13. Nd2 g6 14. Nc4 Bg7 15. e3 Bf5 16. Qb3 Bxd3 17. Rfd1 Bxc4 18. Qxc4 Qg5 19. Nd5 Rad8 20. Nxb6 Rxd1+ 21. Rxd1 e4 22. b3 Rd8 23. Rxd8+ Qxd8 24. Nd5 Qd6 25. a4 h5 26. Bxe4 Ne5 27. Qb5 Ng4 28. Qxa5 Nf6 29. Nxf6+ Qxf6 30. Qa8+ Kh7 31. Qxb7 h4 32. Bd3 h3 33. Bf1 Qa1 34.
Qxf7 Qb1 35. Qc4 Kh8 36. a5 Be5 37. a6 Qa1 38. Qc8+ Kg7 39. Qb7+ Kh6 40. a7 1-0

[Event "*** Titled Tuesday 3|2 Blitz"]
[Site "Chess.com"]
[Date "2015.09.01"]
[Round "4"]
[White "penguingm1"]
[Black "E-Shaposhnikov"]
[Result "0-1"]
[WhiteElo "2507"]
[BlackElo "2401"]
[TimeControl "180+2"]
[EndTime "11:48:48 PDT"]
[Termination "E-Shaposhnikov won by resignation"]

1. d4 Nf6 2. c4 e6 3. Nc3 Bb4 4. Qc2 b6 5. e4 c5 6. d5 exd5 7. exd5 Qe7+ 8. Ne2 b5 9. Bg5 bxc4 10. O-O-O d6 11.
Ng3 h6 12. Bxc4 O-O 13. Rhe1 Qd8 14. Bf4 Ng4 15. h3 Ne5 16. Bxe5 dxe5 17. Rxe5 Nd7 18. Ree1 Nb6 19. Be2 Bd7 20. Bf3 Rb8 21. Nge4 Nc4 22.
Re2 Qa5 23. Qd3 Nxb2 24. Rxb2 Ba3 25. Rd2 Rxb2 26. Rxb2 Rb8 27. Nd1 Bxb2+ 28. Nxb2 Qxa2 29. Qc3 Rb3 30. Qc2 Qa1+ 31. Qb1 Qa3 32. Nd2 Rc3+ 33. Kd1 Qb4 34. Qa2 a5 35. Be2 a4 36. Nd3 Qd4 37.
Ne1 a3 38. Nc2 Ba4 39. Ke1 Rxc2 40. Qxa3 Qxd2+ 41. Kf1 Rc1+ 0-1